AoeStats
← Mycorrhizal

Arena

508688375Analyzed
3v3 RM · 8d ago on Sep 23, 2026· 59m 0s· 6 players
Game mode
Random Map
Map size
Normal (6 player)
Population
200
Speed
Normal
Resources
Standard
Victory
Conquest
Starting age
Dark Age
Ending age
Imperial Age
RankedLock teamsTeams togetherTeam positionsShared explorationLock speedFull tech treeHidden civsTurbo modeCheats
Victory
Defeat
🇭🇺 Bohemians · Hungary
1432
+15
🇨🇦 Burgundians · Canada
1419
+16
🇩🇪 Slavs · Germany
1397
+17
🇮🇹 Italians · Italy
1455
-18
🇮🇹 Varangians · Italy
1402
-17
1381
-15
CroCkeR
10:41 Feudal Age
10:48 Feudal Age
12:27 Double-Bit Axe
15:00 Castle Age
12:48 Horse Collar
17:22 Wheelbarrow
19:56 Bow Saw
23:45 Heavy Plow
24:26 Man-at-Arms
28:10 Imperial Age
25:26 Loom
25:54 Scale Mail Armor
25:43 Long Swordsman
26:55 Gold Mining
27:41 Squires
28:16 Hand Cart
28:49 Chain Mail Armor
29:24 Conscription
28:54 Two-Handed Swordsman
30:05 Forging
29:53 Capped Ram
30:54 Fortified Wall
31:52 Masonry
32:16 Plate Mail Armor
32:22 Iron Casting
31:50 Champion
32:43 Town Watch
32:23 Pikeman
35:23 Blast Furnace
34:29 Scale Barding Armor
34:42 Padded Archer Armor
34:33 Fletching
35:26 Siege Engineers
36:22 Chemistry
37:02 Druzhina
37:34 Siege Ram
40:04 Ballistics
39:06 Elite Skirmisher
40:51 Caravan
42:09 Bodkin Arrow
43:56 Leather Archer Armor
46:44 Ring Archer Armor
46:14 Murder Holes
50:15 Two-Man Saw
50:00 Halberdier
Mycorrhizal
9:44 Feudal Age
13:33 Castle Age
12:21 Double-Bit Axe
13:04 Horse Collar
14:38 Bow Saw
15:31 Heavy Plow
20:23 Stone Mining
20:44 Gold Mining
23:13 Two-Man Saw
24:29 Gold Shaft Mining
24:07 Scale Barding Armor
25:39 Wheelbarrow
29:03 Imperial Age
26:22 Loom
27:34 Crop Rotation
27:35 Hand Cart
27:51 Chain Barding Armor
28:22 Stone Shaft Mining
27:10 Cavalier
27:53 Husbandry
27:48 Light Cavalry
29:13 Burgundian Vineyards
29:07 Town Watch
29:07 Paladin
31:16 Plate Barding Armor
30:54 Forging
31:07 Conscription
31:51 Chemistry
31:41 Town Patrol
32:57 Iron Casting
33:33 Fletching
34:06 Ballistics
34:53 Blast Furnace
33:25 Hussar
34:33 Bodkin Arrow
39:21 Guilds
45:24 Pikeman
46:06 Squires
46:10 Scale Mail Armor
46:26 Halberdier
50:44 Chain Mail Armor
PZ|NagyGeri1
7:15 Loom
9:27 Feudal Age
11:15 Wheelbarrow
10:57 Fletching
20:42 Castle Age
19:02 Double-Bit Axe
19:07 Horse Collar
21:33 Town Watch
25:37 Bow Saw
28:17 Fervor
28:28 Sanctity
34:31 Imperial Age
32:23 Hand Cart
33:02 Padded Archer Armor
33:46 Wagenburg Tactics
33:49 Bodkin Arrow
35:10 Elite Hussite Wagon
38:17 Chemistry
38:18 Conscription
42:40 Ballistics
42:58 Husbandry
47:31 Caravan
49:09 Coinage
55:20 Banking
57:54 Bombard Tower
ITA | CivettaAviotrasportata
10:30 Feudal Age
10:11 Loom
15:10 Castle Age
14:17 Double-Bit Axe
15:26 Stone Mining
17:03 Horse Collar
17:41 Bow Saw
21:26 Scale Mail Armor
22:35 Forging
23:13 Chain Mail Armor
26:11 Iron Casting
27:44 Squires
27:30 Gambesons
27:35 Arson
34:18 Wheelbarrow
35:18 Pikeman
39:07 Imperial Age
39:06 Heavy Plow
41:54 Hand Cart
42:18 Ballistics
42:21 Town Watch
45:15 Fortified Wall
51:21 Treadmill Crane
ITA | Makimono
3:37 Loom
11:00 Feudal Age
11:26 Loom
12:55 Forging
13:00 Double-Bit Axe
15:18 Castle Age
19:29 Horse Collar
23:22 Bow Saw
23:14 Heavy Plow
26:49 Wheelbarrow
29:23 Imperial Age
27:51 Bloodlines
27:41 Husbandry
27:55 Scale Barding Armor
27:49 Gold Mining
29:08 Forging
29:41 Cavalier
30:58 Iron Casting
30:59 Hand Cart
31:51 Vendel Legacy
33:05 Chain Barding Armor
34:20 Blast Furnace
36:18 Plate Barding Armor
38:39 Chemistry
38:21 Masonry
39:09 Fletching
41:16 Town Watch
43:39 Pikeman
44:21 Squires
44:22 Scale Mail Armor
45:26 Halberdier
46:52 Chain Mail Armor
49:30 Plate Mail Armor
53:16 Conscription
53:11 Bodkin Arrow
53:13 Onager
57:21 Fortified Wall
56:50 Light Cavalry
57:40 Hussar
Monesi28
10:24 Feudal Age
14:32 Castle Age
12:34 Loom
12:37 Double-Bit Axe
12:34 Horse Collar
15:13 Town Watch
15:41 Bow Saw
17:12 Wheelbarrow
21:58 Fortified Wall
22:56 Gold Mining
25:04 Heavy Plow
29:38 Imperial Age
27:02 Fletching
28:14 Sanctity
29:51 Bodkin Arrow
29:56 Padded Archer Armor
31:29 Chemistry
31:10 Bracer
31:23 Masonry
32:07 Conscription
32:37 Leather Archer Armor
32:48 Scale Mail Armor
32:58 Forging
32:34 Arson
32:50 Squires
33:32 Caravan
33:43 Guilds
34:33 Ring Archer Armor
35:23 Chain Mail Armor
34:41 Elite Genoese Crossbowman
35:56 Hoardings
36:51 Two-Man Saw
36:23 Crop Rotation
37:14 Iron Casting
37:13 Hand Cart
41:20 Man-at-Arms
41:24 Pikeman
42:08 Elite Skirmisher
43:47 Plate Mail Armor
43:57 Ballistics
46:00 Silk Road
45:58 Bloodlines
45:49 Husbandry
45:09 Light Cavalry
46:35 Scale Barding Armor
47:24 Architecture
48:16 Chain Barding Armor
51:24 Plate Barding Armor
53:22 Blast Furnace
55:38 Hussar
Connection lost

Rejoining the realm…

Still unreachable

The connection could not be restored.

Session expired

The server has moved on; the page needs a fresh start.